AoeStats
← willrhyd

Arabia

506658942Analyzed
1v1 RM · 18d ago on Sep 14, 2026· 41m 17s· 2 players
Game mode
Random Map
Map size
Tiny (2 player)
Population
200
Speed
Normal
Resources
Standard
Victory
Conquest
Starting age
Dark Age
Ending age
Imperial Age
RankedLock teamsTeams togetherTeam positionsShared explorationLock speedFull tech treeHidden civsTurbo modeCheats
Victory
Defeat
🇬🇧 Tatars · United Kingdom
1590
+20
🇩🇴 Franks · Dominican Republic
1679
-20
willrhyd
6:49 Loom
9:12 Feudal Age
8:58 Loom
9:59 Double-Bit Axe
13:08 Wheelbarrow
21:23 Castle Age
19:23 Fletching
20:36 Padded Archer Armor
21:25 Bloodlines
21:23 Gold Mining
22:01 Bodkin Arrow
22:18 Bow Saw
22:51 Horse Collar
24:56 Husbandry
28:11 Ballistics
30:51 Leather Archer Armor
34:00 Hand Cart
37:42 Imperial Age
36:42 Heavy Plow
38:34 Bracer
38:03 Heavy Cavalry Archer
RD | Dominicano
7:01 Loom
9:37 Feudal Age
10:41 Double-Bit Axe
19:15 Fletching
21:37 Castle Age
20:04 Gold Mining
20:07 Fletching
21:17 Gold Mining
22:38 Bodkin Arrow
23:05 Bow Saw
22:49 Crossbowman
24:29 Ballistics
25:48 Padded Archer Armor
28:42 Elite Skirmisher
30:37 Leather Archer Armor
32:00 Wheelbarrow
33:06 Scale Barding Armor
34:42 Chain Barding Armor
35:42 Husbandry
37:16 Forging
38:26 Hand Cart
40:48 Forging
Connection lost

Rejoining the realm…

Still unreachable

The connection could not be restored.

Session expired

The server has moved on; the page needs a fresh start.